 Dungeon Crawl Stone Soup version 0.29-a0-857-g9b1aa3ac5b (webtiles) character file.

Game seed: 9520320443406329037

6 nxtlvl the Ducker (level 1, -1/13 HPs)
             Began as a Deep Elf Monk on July 16, 2022.
             Slain by a quokka (2 damage)
             ... on level 2 of the Dungeon.
             The game lasted 00:00:56 (171 turns).

nxtlvl the Ducker (Deep Elf Monk)                    Turns: 171, Time: 00:00:56

Health: -1/13      AC:  2    Str:  8    XL:     1   Next: 75%
Magic:  3/3        EV: 13    Int: 14    God:
Gold:   7          SH:  0    Dex: 17    Spells: 0/0 levels left

rFire   . . .      SeeInvis .   a - +0 short sword
rCold   . . .      Faith    .   (no shield)
rNeg    . . .      Spirit   .   b - +0 robe
rPois   .          Reflect  .   (no helmet)
rElec   .          Harm     .   (no cloak)
rCorr   .          Rampage  .   (no gloves)
Will    .....                   (no boots)
Stlth   ++........              (no amulet)
HPRegen 0.04/turn               (no ring)
MPRegen 0.08/turn               (no ring)

@: no status effects
A: no striking features
a: no special abilities


You were on level 2 of the Dungeon.
You visited 1 branch of the dungeon, and saw 2 of its levels.

You collected 7 gold pieces.

Inventory:

Hand Weapons
 a - a +0 short sword (weapon)
 d - a +0 sling
Armour
 b - a +0 robe (worn)
 f - a +0 ring mail
Scrolls
 g - a scroll of fog {unknown}
Potions
 c - a potion of ambrosia
 e - a potion of degeneration {unknown}


   Skills:
 - Level 2.4 Fighting
 * Level 3.4 Short Blades
 - Level 3.6 Dodging
 - Level 2.4 Stealth


You couldn't memorise any spells.
You didn't know any spells.
Your spell library was empty.

Dungeon Overview and Level Annotations

Branches:
Dungeon (2/15)

Altars:


Message History

You closely miss the hobgoblin.
The hobgoblin is moderately wounded.
The hobgoblin closely misses you.
You closely miss the hobgoblin.
The hobgoblin is moderately wounded.
The hobgoblin completely misses you.
You closely miss the hobgoblin.
The hobgoblin is moderately wounded.
The hobgoblin hits you.
You hit the hobgoblin.
You kill the hobgoblin!
There is a stone staircase leading down here.
You climb downwards.
There is a stone staircase leading up here.
There is a stone staircase leading up here.
You climb upwards.
There is a stone staircase leading down here.
You climb downwards.
There is a stone staircase leading up here.
There is a stone staircase leading up here.
A ball python comes into view.
A dart slug comes into view.
The helpless ball python fails to defend itself.
You puncture the ball python!
You kill the ball python!
A quokka comes into view.
You hit the quokka.
The quokka is heavily wounded.
The quokka barely misses you. The quokka bites you.
You barely miss the quokka.
The quokka is heavily wounded.
The quokka bites you.
* * * LOW HITPOINT WARNING * * *
You barely miss the quokka.
The quokka is heavily wounded.
The quokka bites you but does no damage.
You closely miss the quokka.
The quokka is heavily wounded.
The quokka bites you.
You die...

♣.<####.# #.#####
♣P.## #.....##
♣..<## #.###..#
♣P......#
##♣#♣#♣.#
♣....####
###.......#
♣....## ###
#...♣#♣#♣## ......
..# #.#.# PP...##
#.# #.#.# P.#.##
#.# #.#@#
P.#.#####.# #.#r#
.......##†# #.#.#
.......##.####.#.#
..............<..#
............##.###
.......##.#.##>#
.......##.#.##.#
.......##.#.##.#


You could see a quokka.

Vanquished Creatures
  3 hobgoblins
  A ball python (D:2)
  A kobold (D:2)
  A rat (D:2)
6 creatures vanquished.

Notes
Turn   | Place    | Note
-------+----------+-------------------------------------------
     0 | D:1      | nxtlvl the Deep Elf Monk began the quest for the Orb.
     0 | D:1      | Reached XP level 1. HP: 13/13 MP: 3/3
   171 | D:2      | Slain by a quokka

Illustrated notes

Levels and vault maps discovered:
D:1:      moated_graveyard_arrival, layout_basic, ebering_ecumenical_altar_hall,
          serial_shops, shop_fountains, nicolae_shop_waterfront
D:2:      layout_loops_ring, serial_forest, infiniplex_forest_clump_long,
          infiniplex_forest_lined_1, infiniplex_forest_lined_corner,
          infiniplex_forest_split, infiniplex_forest_lined_2,
          infiniplex_forest_corner_1, infiniplex_forest_clump_small,
          infiniplex_forest_corner_1

Action                   || total
-------------------------++-------
Melee: Short sword       ||    24
 Stab: Sleeping          ||     2
Armor: Robe              ||     1
Dodge: Dodged            ||    11

Table legend: (Time is in decaauts)
 A = Elapsed time spent in this place.
 B = Non-inter-level travel time spent in this place.
 C = Inter-level travel time spent in this place.
 D = Time resting spent in this place.
 E = Time spent auto-exploring this place.
 F = Levels seen in this place.
 G = Mean time per level.
                   A        B        C        D        E       F      G
               +--------+--------+--------+--------+--------+-----+--------+
         Total |    169 |    169 |      0 |      0 |     19 |   2 |   84.5 |
       Dungeon |    169 |    169 |      0 |      0 |     19 |   2 |   84.5 |
               +--------+--------+--------+--------+--------+-----+--------+

Top non-repeatable levels by time:
     D:2: 132 daAuts
     D:1: 37 daAuts
